 Dungeon Crawl Stone Soup version 0.17-a0-2231-gd80ca38 (webtiles) character file.

2426 Ijustatesigmund the Covert (level 9, -3/54 HPs)
             Began as an Octopode Wizard on Oct 29, 2015.
             Was a Follower of Dithmenos.
             Shot with an arrow by a centaur (17 damage)
             ... on level 8 of the Dungeon.
             The game lasted 00:42:53 (9720 turns).

Ijustatesigmund the Covert (Octopode Wizard)        Turns: 9720, Time: 00:42:53

Health: -3/54      AC:  4    Str:  6    XL:     9   Next: 48%
Magic:  13/15      EV: 12    Int: 24    God:    Dithmenos [*.....]
Gold:   426        SH:  0    Dex: 10    Spells: 5 memorised, 6 levels left

rFire  . . .     SeeInvis .     q - +0 rapier (vamp)
rCold  . . .     Clarity  .     (no shield)
rNeg   . . .     SustAt   .     a - +1 hat
rPois  .         Gourm    .     (no amulet)
rElec  .         Spirit   .     e - +1 ring of protection
rCorr  .         Warding  .     A - ring of protection from magic
rMut   .         Stasis   .     s - +1 ring of protection
MR     +....                    (no ring)
Stlth  +++++++...               (no ring)
                                (no ring)
                                (no ring)
                                (no ring)

@: very slightly contaminated, wreathed by umbra, somewhat resistant to hostile
enchantments, extremely stealthy
A: almost no armour, amphibious, 8 rings, constrict 8, camouflage 1, gelatinous
body 1
a: Renounce Religion


You were on level 8 of the Dungeon.
You worshipped Dithmenos.
Dithmenos was aware of your devotion.
You were not hungry.

You visited 2 branches of the dungeon, and saw 9 of its levels.

You collected 426 gold pieces.

Inventory:

Hand Weapons
 f - a +1 dagger
 k - a +1 blowgun
 q - a +0 vampiric rapier (weapon)
 r - a +3 dagger
Missiles
 D - a curare-tipped needle
 F - 19 poisoned needles
Armour
 a - a +1 hat (worn)
Jewellery
 d - an uncursed amulet of stasis
 e - a +1 ring of protection (left tentacle)
 o - an uncursed ring of teleportation
 s - a +1 ring of protection (on tentacle)
 A - a ring of protection from magic (right tentacle)
Wands
 w - a wand of disintegration (9)
 y - a wand of digging (17)
 H - a wand of polymorph (14)
Scrolls
 i - 5 scrolls of amnesia
 m - 3 scrolls of magic mapping
 x - 6 scrolls of remove curse
 z - 2 scrolls of recharging
Potions
 g - a potion of flight
 h - 2 potions of cure mutation
 l - a potion of agility
 p - a potion of brilliance
 u - a potion of ambrosia
 v - a potion of cancellation {unknown}
 C - a potion of lignification
 E - a potion of experience {unknown}
Books
 b - a book of Minor Magic

   Spells                             Type                      Level
   a - Magic Dart                     Conjuration                  1
   b - Blink                          Translocation                2
   c - Call Imp                       Summoning                    2
   d - Repel Missiles                 Charms/Air                   2
   e - Slow                           Hexes                        2
   f - Conjure Flame                  Conjuration/Fire             3
   g - Mephitic Cloud                 Conjuration/Poison/Air       3
 I - a book of Alchemy

   Spells                             Type                      Level
   a - Sublimation of Blood           Necromancy                   2
   b - Ignite Poison                  Fire/Transmutation/Poison    3
   c - Alistair's Intoxication        Transmutation/Poison         4
   d - Condensation Shield            Ice                          4
   e - Petrify                        Transmutation/Earth          4
   f - Irradiate                      Conjuration/Transmutation    5
Comestibles
 c - 5 bread rations
 n - a meat ration
 t - 8 slices of pizza


   Skills:
 - Level 2.2 Fighting
 - Level 2.0 Short Blades
 - Level 2.2 Throwing
 + Level 2.5 Dodging
 + Level 10.0 Stealth
 + Level 4.0 Spellcasting
 + Level 7.3 Conjurations
 - Level 1.0 Summonings
 - Level 1.0 Translocations
 - Level 2.0 Air Magic
 - Level 2.1 Poison Magic
 - Level 4.0 Invocations


You had 6 spell levels left.
You knew the following spells:

 Your Spells              Type           Power        Failure   Level  Hunger
a - Magic Dart            Conj           ####         1%          1    None
b - Blink                 Tloc           N/A          12%         2    #......
c - Repel Missiles        Chrm/Air       #.....       12%         2    #......
d - Mephitic Cloud        Conj/Pois/Air  ###.....     10%         3    ##.....
e - Call Imp              Summ           #.......     12%         2    #......


Dungeon Overview and Level Annotations

Branches:
Dungeon (8/15)             Temple (1/1) D:4
   Lair: D:8-11

Altars:
Ashenzari
Cheibriados
Dithmenos
Elyvilon
Fedhas
Gozag
Kikubaaqudgha
Makhleb
Nemelex Xobeh
Okawaru
Qazlal
Ru
Sif Muna
Trog
Vehumet
Yredelemnul
Zin
The Shining One

Annotations:
D:8 Erica


Innate Abilities, Weirdness & Mutations

You cannot wear most types of armour.
You are amphibious.
You can wear up to eight rings at the same time.
You can use your tentacles to constrict eight enemies at once.
Your skin changes colour to match your surroundings (Stealth).
Your rubbery body absorbs attacks (AC +1).


Message History

You feel sick.
You feel sick.
You feel sick.
The centaur shoots an arrow.
The arrow is repelled.
You feel less protected from missiles.
You see here an arrow.
The centaur shoots an arrow.
The arrow barely misses you.
You see here an arrow.
Casting: Mephitic Cloud
Confirm with . or Enter, or press ? or * to list all spells.
You can't see any susceptible monsters within range! (Use Z to cast anyway.)
You feel sick.
You are no longer poisoned.
The centaur shoots an arrow.
The arrow barely misses you.
You see here an arrow.
Your extra speed is starting to run out.
There is a stone staircase leading down here.
You feel yourself slow down.
The centaur shoots an arrow.
The arrow hits you!
You die...

###.######.#
#.#......#######
###....c.........#
.........).#####.#
####.......# #.#
#.......# #.#
#.##.##.# #.#
#####.##.##.#####.#
#...@..>..#....##.#
#.#######.####.##.#
#.# #.# #.##.#
#####.# #.# #.##.#
#....<# #.# #.##.#
#.###.# #.####.##.#
#.# #[........#
#.#######.####.####
#.........####.#


You could see a centaur.

Vanquished Creatures
  Grinder (D:6)
  Prince Ribbit (D:7)
  Sigmund (D:2)
  A spriggan (D:8)
  Eustachio (D:6)
  A sky beast (D:5)
  Duvessa (D:6)
  2 centaurs
  2 ogres
  2 giant frogs (D:6)
  Dowan (D:6)
  6 scorpions
  A crimson imp (D:6)
  A giant frog zombie (D:6)
  A centaur zombie (D:8)
  4 orc wizards
  A gnoll shaman (D:6)
  2 hounds (D:6)
  An orc priest (D:8)
  A worker ant (D:5)
  A hound skeleton (D:4)
  A worker ant zombie (D:5)
  3 gnolls (D:6)
  4 adders
  5 oozes
  2 adder skeletons (D:4)
  5 worms
  7 orcs
  2 ball pythons
  5 bats
  6 giant cockroaches
  7 goblins
  10 hobgoblins
  10 jackals
  7 kobolds
  3 giant geckos
  A giant newt (D:2)
  3 quokkas
  A quokka skeleton (D:8)
  12 rats
  A spectral orc (D:2)
  A plant (D:5)
129 creatures vanquished.

Notes
Turn   | Place    | Note
--------------------------------------------------------------
     0 | D:1      | Ijustatesigmund the Octopode Wizard began the quest for the Orb.
     0 | D:1      | Reached XP level 1. HP: 11/11 MP: 4/4
   238 | D:1      | Reached XP level 2. HP: 1/17 MP: 0/6
   559 | D:1      | Learned a level 2 spell: Blink
   563 | D:1      | Learned a level 2 spell: Repel Missiles
   997 | D:1      | Reached XP level 3. HP: 19/21 MP: 1/7
  1205 | D:1      | Reached skill level 4 in Stealth
  1655 | D:2      | Learned a level 3 spell: Mephitic Cloud
  1744 | D:2      | Reached XP level 4. HP: 27/27 MP: 8/8
  2044 | D:2      | Found a basalt altar of Yredelemnul.
  2248 | D:2      | Found a stormy altar of Qazlal.
  2294 | D:2      | Noticed Sigmund
  2518 | D:3      | Found a faded altar to an unknown god.
  2536 | D:3      | Reached skill level 1 in Short Blades
  2939 | D:3      | Found a sparkling altar of Nemelex Xobeh.
  3333 | D:4      | Found a burning altar of Makhleb.
  3412 | D:4      | Found a sacrificial altar of Ru.
  3479 | D:4      | Reached skill level 5 in Stealth
  3768 | D:4      | Found an iron altar of Okawaru.
  3771 | D:4      | Found a radiant altar of Vehumet.
  3774 | D:4      | Found a glowing golden altar of the Shining One.
  3853 | D:4      | Found a staircase to the Ecumenical Temple.
  3862 | Temple   | Entered the Ecumenical Temple
  4248 | D:4      | Reached skill level 1 in Poison Magic
  4366 | D:4      | Found a bloodstained altar of Trog.
  4376 | D:4      | Reached XP level 5. HP: 31/31 MP: 3/9
  4430 | D:4      | Reached skill level 1 in Throwing
  4606 | D:5      | Entered Level 5 of the Dungeon
  4734 | D:5      | Reached skill level 1 in Air Magic
  4964 | D:2      | Killed Sigmund
  4964 | D:2      | Reached skill level 6 in Stealth
  4964 | D:2      | Reached XP level 6. HP: 29/36 MP: 6/10
  5198 | Temple   | Became a worshipper of Dithmenos the Shadowed
  5683 | D:5      | Noticed a sky beast
  5691 | D:5      | Killed a sky beast
  5691 | D:5      | Reached skill level 1 in Invocations
  5843 | D:5      | Reached skill level 7 in Stealth
  5843 | D:5      | Reached XP level 7. HP: 29/41 MP: 4/11
  6883 | D:6      | Noticed Dowan
  6891 | D:6      | Killed Dowan
  6891 | D:6      | Reached skill level 1 in Fighting
  6891 | D:6      | Reached skill level 5 in Conjurations
  6891 | D:6      | Reached XP level 8. HP: 46/48 MP: 2/12
  6895 | D:6      | Noticed Duvessa
  6902 | D:6      | Killed Duvessa
  6909 | D:6      | Noticed Eustachio
  7355 | D:6      | Found a sparkling altar of Nemelex Xobeh.
  7423 | D:6      | Killed Eustachio
  7433 | D:6      | Found a shadowy altar of Dithmenos.
  7568 | D:6      | Reached skill level 8 in Stealth
  7806 | D:6      | Found a shattered altar of Ashenzari.
  8169 | D:6      | Noticed Grinder
  8225 | D:7      | Noticed Prince Ribbit
  8235 | D:7      | Killed Prince Ribbit
  8235 | D:7      | Reached skill level 9 in Stealth
  8235 | D:7      | Reached XP level 9. HP: 34/54 MP: 12/14
  8346 | D:7      | Learned a level 2 spell: Call Imp
  8429 | D:7      | Reached * piety under Dithmenos
  8604 | D:6      | Killed Grinder
  9501 | D:8      | Reached skill level 10 in Stealth
  9662 | D:8      | Noticed Erica
  9720 | D:8      | Shot with an arrow by a centaur

Vault maps used:
D:1:      erik_arrival_gehennom
D:2:      yredelemnul_forgotten_temple_becter, nicolae_qazlal_eye_of_the_storm,
          uniq_sigmund
D:3:      nemelex_altar_shiori, ecumenical_altar_1
D:4:      bloody_trog, lemuel_coloured_pillars_altar,
          grunt_temple_overflow_diamond, nicolae_ru_awakened_eye
D:5:      serial_bayou, serial_bayou_lake_a, serial_bayou_crossing,
          serial_bayou_shore_a, serial_bayou_pond_c, first_bread
D:6:      evilmike_ruin_ashenzari, basic_altar, hangedman_decor_points,
          minmay_liquid_box, nemelex_dance_club_becter, uniq_duvessa,
          uniq_grinder, uniq_eustachio
D:7:      uniq_crazy_yiuf_cottage, uniq_prince_ribbit1, uniq_pikel
D:8:      xom_shifter_show, minmay_fountain_box, grunt_pizzeria, uniq_erica
Temple:   jpeg_temple_alley_garden_8

Action                   |  1- 3 |  4- 6 |  7- 9 || total
-------------------------+-------+-------+-------++-------
Melee: Unarmed           |    11 |       |       ||    11
       Dagger            |    29 |    60 |   108 ||   197
       Rapier            |       |       |    10 ||    10
 Fire: Blowgun           |       |    11 |    11 ||    22
 Cast: Magic Dart        |    79 |    79 |   140 ||   298
       Repel Missiles    |     1 |     1 |     2 ||     4
       Mephitic Cloud    |       |     2 |    15 ||    17
       Blink             |       |       |     3 ||     3
  Use: Scroll            |     5 |    13 |     8 ||    26
       Potion            |       |       |     5 ||     5
 Stab: Sleeping          |     3 |     6 |     7 ||    16
       Confused          |       |     1 |       ||     1
       Distracted        |       |       |     1 ||     1
  Eat: Chunk             |     2 |     3 |    13 ||    18
       Bread ration      |       |     2 |     2 ||     4
       Beef jerky        |       |       |     2 ||     2
